 Dungeon Crawl Stone Soup version 0.16.0-11-gd45b091 (webtiles) character file.

130 maniek23 the Charmwright (level 4, 0/33 HPs)
             Began as a Vampire Skald on Mar 17, 2015.
             Succumbed to an adder's poison
             ... on level 3 of the Dungeon.
             The game lasted 00:10:22 (3093 turns).

maniek23 the Charmwright (Vampire Skald)            Turns: 3093, Time: 00:10:22

Health: 0/33       AC:  8    Str: 11    XL:     4   Next: 89%
Magic:  7/7        EV:  5    Int: 17    God:
Gold:   130        SH:  0    Dex: 14    Spells: 3 memorised, 1 level left

rFire  x . .     SeeInvis +     a - +0 short sword
rCold  + . .     Clarity  .     y - +0 chain mail
rNeg   + . .     SustAb   .     (no shield)
rPois  .         Gourm    .     (no helmet)
rElec  .         Spirit   .     (no cloak)
rCorr  .         Warding  .     (no gloves)
rMut   .         Stasis   .     (no boots)
MR     .....                    (no amulet)
Stlth  ..........               w - ring of ice
                                v - +3 ring of intelligence

@: lethally poisoned (0 -> -7), not resistant to hostile enchantments, extremely
unstealthy
A: bottle blood, fangs 3, see invisible, unbreathing
a: Bat Form


You were on level 3 of the Dungeon.
You were not thirsty.

You visited 1 branch of the dungeon, and saw 3 of its levels.

You collected 130 gold pieces.

Inventory:

Hand weapons
 a - a +0 short sword (weapon)
 p - a +0 dagger
 x - a +0 hunting sling
Missiles
 r - 6 needles of slowing
 u - 16 poisoned needles (quivered)
Armour
 b - a +0 leather armour
 o - a +0 robe
 y - a +0 chain mail (worn)
Jewellery
 v - a +3 ring of intelligence (left hand)
 w - a ring of ice (right hand)
Magical devices
 t - a wand of flame (40)
Scrolls
 f - 2 scrolls of identify
 g - 2 scrolls of teleportation
 h - a scroll of amnesia {unknown}
 j - a scroll of random uselessness {unknown}
 l - 3 scrolls of remove curse
 m - a scroll of fog {unknown}
 n - a scroll of recharging {unknown}
 q - a scroll of enchant weapon {unknown}
Potions
 d - 11 potions of blood
 e - 2 potions of brilliance
 i - a potion of flight {unknown}
 k - 2 potions of heal wounds
 s - 2 potions of haste {unknown}
Books
 c - a book of Battle

   Spells                             Type                      Level
   a - Infusion                       Charms                       1
   b - Shroud of Golubria             Charms/Translocation         2
   c - Song of Slaying                Charms                       2
   d - Spectral Weapon                Hexes/Charms                 3
   e - Regeneration                   Charms/Necromancy            3


   Skills:
 + Level 2.0 Fighting
 + Level 3.2 Short Blades
 + Level 1.7 Armour
 + Level 2.3 Dodging
 + Level 2.1 Spellcasting
 + Level 4.3 Charms


You had one spell level left.
You knew the following spells:

 Your Spells              Type           Power        Failure   Level  Hunger
a - Infusion              Chrm           ###...       99%         1    #......
b - Shroud of Golubria    Chrm/Tloc      #.........   100%        2    ###....
c - Regeneration          Chrm/Necr      #.........   100%        3    ###....


Dungeon Overview and Level Annotations

Branches:
Dungeon (3/15)

Altars:
Vehumet

Annotations:
D:3 Grinder


Innate Abilities, Weirdness & Mutations

You can bottle blood from corpses.
You have razor-sharp teeth.
You have supernaturally acute eyesight.
You can survive without breathing.


Message History

The adder bites you but does no damage.
There is an open door here.
You closely miss the adder. The adder bites you but does no damage.
You hit the adder.
The adder is moderately wounded.
The adder bites you.
* * * LOW HITPOINT WARNING * * *
You are poisoned.
The adder poisons you!
A hound skeleton comes into view.
You feel sick. The adder bites you.
* * * LOW HITPOINT WARNING * * *
You are more poisoned.
The adder poisons you!
* * * LOW HITPOINT WARNING * * *
You feel sick.
* * * LOW HITPOINT WARNING * * *
You feel sick. The adder bites you.
* * * LOW HITPOINT WARNING * * *
You die...

#.# #.............#
#.###########..#..###
#.....# ##...#....
#####.# ##.....####
##..# ##.......##
##...####.........##
#)...S..'........S'.
##...####.........##
####@.# ##.......##
#.....# ##.....##
#.##### ##...## #(#
##'## #.# #Z# #.# #.#
#.# ##.#####
#.###########......#
#.#..............#.#


You could see an adder.

Vanquished Creatures
  6 adders
  3 giant geckos
  4 oozes
  2 orcs (D:3)
  11 hobgoblins
  4 jackals (D:1)
  9 bats
  3 giant cockroaches (D:2)
  3 giant newts
  7 goblins
  5 kobolds
  A quokka (D:2)
  9 rats
67 creatures vanquished.

Notes
Turn   | Place    | Note
--------------------------------------------------------------
     0 | D:1      | maniek23, the Vampire Skald, began the quest for the Orb.
     0 | D:1      | Reached XP level 1. HP: 16/16 MP: 3/3
   177 | D:1      | Reached XP level 2. HP: 15/22 MP: 4/4
   741 | D:2      | Reached skill level 4 in Charms
   907 | D:2      | Reached XP level 3. HP: 20/27 MP: 6/6
   932 | D:2      | Reached skill level 1 in Armour
  1671 | D:3      | Reached XP level 4. HP: 25/33 MP: 7/7
  1866 | D:3      | Found a radiant altar of Vehumet.
  2977 | D:3      | Learned a level 2 spell: Shroud of Golubria
  2981 | D:3      | Learned a level 3 spell: Regeneration
  2983 | D:3      | Noticed Grinder
  3092 | D:3      | HP: 1/33 [adder (2)]
  3093 | D:3      | Succumbed to an adder's poison

Action                   |  1- 3 |  4- 6 || total
-------------------------+-------+-------++-------
Melee: Short sword       |   128 |    76 ||   204
 Abil: End Transformatio |       |     1 ||     1
       Bat Form          |       |     1 ||     1
  Use: Scroll            |     4 |       ||     4
       Potion            |       |     3 ||     3
  Eat: Corpse            |     1 |     1 ||     2
